 Dungeon Crawl Stone Soup version 0.32-a0-422-g28b100f618 (webtiles) character file.

Game seed: 402521677104538402

123271 cforsyth the Warrior (level 16, -21/145 HPs)
             Began as a Coglin Gladiator on Feb 22, 2024.
             Was the Champion of Wu Jian.
             Demolished by Aizul (34 damage)
             ... on level 1 of the Snake Pit.
             The game lasted 01:13:45 (36239 turns).

cforsyth the Warrior (Coglin Gladiator)            Turns: 36239, Time: 01:13:45

Health: -21/145    AC: 29    Str: 24    XL:     16   Next: 90%
Magic:  16/16      EV:  2    Int: 10    God:    Wu Jian [******]
Gold:   1787       SH:  0    Dex: 21    Spells: 15/15 levels left

rFire   . . .        s - +3 scimitar (flame) {Hisae}
rCold   + + .        a - +5 scimitar (freeze) {Iseul}
rNeg    . . .        N - +0 ice dragon scales
rPois   +            c - +0 helmet
rElec   .            Q - +2 cloak
rCorr   +            S - +1 pair of gloves {Str+3}
SInv    +            Z - +3 pair of mountain boots {steadfast, rC+}
Will    +....        r - amulet of magic regeneration Stlth
                     j - ring "Qaocusch" {rPois rC- rCorr SInv Stlth+}
HPRegen 0.44/turn    B - ring of Uskayaw's Hope {rF+ Str+6 SInv Stlth-}
MPRegen 0.55/turn

%: no passive effects
@: lethally poisoned (-21 -> -27), sleeping, hasted and slowed, revved
A: off-hand wielding, slow wielding, warmup strikes, legs shutdown
a: Renounce Religion, Wall Jump, Serpent's Lash, Heavenly Storm


You were on level 1 of the Snake Pit.
You worshipped Wu Jian.
Wu Jian was exalted by your worship.
You visited 5 branches of the dungeon, and saw 25 of its levels.
You also visited: Bailey and Gauntlet.

You collected 3328 gold pieces.
You spent 1541 gold pieces at shops.


Innate Abilities, Weirdness & Mutations

You can wield a second weapon in your off-hand.
It takes a long time for you to wield or remove held weapons.
Your first few attacks do less damage.
Attacking and casting redirects power from your legs.


   Skills:
 + Level 18.9 Fighting
 + Level 14.3 Long Blades
 - Level 1.7 Throwing
 - Level 17.0 Armour
 + Level 3.9 Dodging


You had 15 spell levels left.
You didn't know any spells.
Your spell library contained the following spells:

 Spells                   Type           Power      Damage    Failure   Level
 Apportation              Tloc           0%         N/A       61%         1
 Kiss of Death            Conj/Necr      0%         2d5       61%         1
 Magic Dart               Conj           0%         1d3       61%         1
 Sting                    Conj/Alch      0%         1d3       61%         1
 Blink                    Tloc           0%         N/A       75%         2
 Call Imp                 Summ           0%         N/A       75%         2
 Jinxbite                 Hex            0%         N/A       75%         2
 Mercury Vapours          Alch/Air       0%         N/A       75%         2
 Static Discharge         Conj/Air       0%         3-3/arc   75%         2
 Sublimation of Blood     Necr           0%         N/A       75%         2
 Confusing Touch          Hex            0%         N/A       93%         3
 Stone Arrow              Conj/Erth      0%         3d7       93%         3
 Tukima's Dance           Hex            0%         N/A       93%         3
 Volatile Blastmotes      Fire/Tloc      0%         2d10      93%         3
 Airstrike                Air            0%         2d(0-16)  100%        4
 Animate Armour           Summ/Erth      0%         N/A       100%        4
 Animate Dead             Necr           0%         N/A       100%        4
 Dimensional Bullseye     Hex/Tloc       0%         N/A       100%        4
 Dispel Undead            Necr           0%         3d6       100%        4
 Fulminant Prism          Conj/Alch      0%         3d5       100%        4
 Iskenderun's Mystic Bla  Conj/Tloc      0%         2d3       100%        4
 Manifold Assault         Tloc           0%         N/A       100%        4
 Olgreb's Toxic Radiance  Alch           0%         N/A       100%        4
 Summon Lightning Spire   Summ/Air       0%         N/A       100%        4
 Vhi's Electric Charge    Tloc/Air       0%         N/A       100%        4
 Alistair's Intoxication  Alch           0%         N/A       100%        5
 Arcjolt                  Conj/Air       0%         1d10      100%        5
 Borgnjor's Vile Clutch   Necr/Erth      0%         N/A       100%        5
 Death Channel            Necr           0%         N/A       100%        6
 Dispersal                Tloc           0%         N/A       100%        6
 Summon Hydra             Summ           0%         N/A       100%        7
 Disjunction              Tloc           0%         N/A       100%        8
 Lehudib's Crystal Spear  Conj/Erth      0%         10d2      100%        8
 Maxwell's Capacitive Co  Air            0%         ∞         100%        8

Inventory:

Hand Weapons
 a - a +5 scimitar of freezing (offhand) {Iseul}
 s - a +3 scimitar of flaming (weapon) {Hisae}
Missiles
 e - 6 javelins
Armour
 c - a +0 helmet (worn)
 i - the +5 cloak of Beogh's Inspiration {rElec Regen+ Slay-4 SInv}
   (You found it in a Gauntlet)

   Slay-4:    It affects your accuracy & damage with ranged weapons and melee
   (-4).
   rElec:     It insulates you from electricity.
   SInv:      It lets you see invisible.
   Regen+:    It increases your rate of health regeneration.
 N - +0 ice dragon scales (worn)
 Q - a +2 cloak (worn)
 S - a +1 pair of gloves of strength (worn)
 U - +0 acid dragon scales
 Z - the +3 pair of mountain boots (worn) {steadfast, rC+}
   (You found it on level 3 of the Lair of Beasts)

   Steadfast: It prevents involuntary movement, except for blinking,
   teleportation, or banishment.
   rC+:       It protects you from cold.
Jewellery
 j - the ring "Qaocusch" (left grasper) {rPois rC- rCorr SInv Stlth+}
   (You bought it in a shop on level 2 of the Orcish Mines)

   [ring of see invisible]

   rC-:       It makes you vulnerable to cold.
   rPois:     It protects you from poison SInv: It lets you see invisible.
   rCorr:     It protects you from acid and corrosion.
   Stlth+:    It makes you more stealthy.
 r - an amulet of magic regeneration (around neck)
 v - a ring of see invisible
 B - the ring of Uskayaw's Hope (right grasper) {rF+ Str+6 SInv Stlth-}
   (You found it on level 6 of the Dungeon)

   [ring of strength]

   Str+6:     It affects your strength (+6).
   rF+:       It protects you from fire.
   SInv:      It lets you see invisible.
   Stlth-:    It makes you less stealthy.
 C - a ring of protection from cold
 M - a ring of magical power
 P - a ring of poison resistance
 R - a ring of resist corrosion
Wands
 b - a wand of paralysis (29)
 m - a wand of quicksilver (10)
 y - a wand of polymorph (4)
 L - a wand of flame (60)
 W - a wand of roots (9)
 Y - a wand of digging (6)
Scrolls
 f - 2 scrolls of enchant armour
 k - 12 scrolls of teleportation {@r2}
 n - a scroll of vulnerability
 p - 7 scrolls of blinking
 q - 2 scrolls of summoning
 t - 2 scrolls of fear
 w - 3 scrolls of revelation
 D - a scroll of amnesia
 H - 2 scrolls of fog
 J - 8 scrolls of immolation
 T - a scroll of poison
Potions
 g - a potion of ambrosia {unknown}
 h - 4 potions of cancellation
 l - 6 potions of haste {@q3}
 o - 3 potions of berserk rage {!q}
 u - 3 potions of mutation
 x - 7 potions of heal wounds {@q2}
 z - 5 potions of invisibility
 A - 3 potions of lignification
 E - 7 potions of curing {@q1}
 F - 2 potions of resistance {unknown}
 G - 2 potions of might
 K - 3 potions of brilliance
 O - 2 potions of enlightenment
 V - 2 potions of attraction
Miscellaneous
 d - a box of beasts
 I - a lightning rod (4/4)
 X - a phantom mirror

Dungeon Overview and Level Annotations

Branches:
Dungeon (15/15)            Temple (1/1) D:4            Lair (5/5) D:8
 Shoals (0/4) Lair:2        Snake (2/4) Lair:2        Slime (0/5) Lair:4
    Orc (2/2) D:9             Elf (0/3) Orc:2        Vaults (0/5) D:14
 Depths (0/4) D:15         Bailey (visited)         Gauntlet (visited)

Altars:
Ashenzari
Cheibriados
Dithmenos
Elyvilon
Fedhas
Gozag
Hepliaklqana
Kikubaaqudgha
Makhleb
Nemelex Xobeh
Okawaru
Qazlal
Ru
Sif Muna
Trog
Uskayaw
Vehumet
Wu Jian
Xom
Yredelemnul
Zin
The Shining One

Shops:
D:10 [   D:12 *?   D:13 *   Orc:1 =   Orc:2 **[=(=   Snake:1 ?!*(

Annotations:
Snake:1 Aizul

#..##.▒▒...▒...▒▒###.###▒▒
##.##.#▒▒..▒....▒▒ #...▒▒.
#.##...▒▒..▒▒...▒▒#..▒▒..
#.####..▒▒...▒▒..▒▒#▒▒...
#.###....▒▒....▒..▒▒▒....
#..#..[...▒▒...▒...▒...▒▒
##.#.......▒▒...▒▒...▒▒..
#.#........▒▒..▒▒...▒▒..
#......@....▒▒.....)...▒
##..>.S......▒▒..)>...▒▒
##.........▒▒.........▒
#........▒▒.÷▒▒...▒▒..
######.#.....▒▒.).▒▒...▒▒..
##...#.....##▒▒..▒▒...▒...▒.
##..........#▒▒..▒....▒▒▒..▒.
#...........▒▒...▒...▒▒ ▒▒..▒
#..........▒▒...▒...▒▒ ▒▒..


You could see Aizul.


Message History

You hit Aizul with your +3 scimitar of flaming.
You burn Aizul.
Aizul is almost dead.
You barely miss Aizul with your +5 scimitar of freezing.
Aizul hits you.
* * * LOW HITPOINT WARNING * * *
Unknown command.
Unknown command.
Unknown command.
You hit Aizul with your +3 scimitar of flaming.
You burn Aizul.
Aizul is almost dead.
You hit Aizul but do no damage. Aizul hits you but does no damage.
Unknown command.
Unknown command.
You miss Aizul with your +3 scimitar of flaming.
Aizul is almost dead.
You closely miss Aizul with your +5 scimitar of freezing.
Aizul casts a spell at you. The poison arrow hits you!
You are poisoned.
You partially resist.
* * * LOW HITPOINT WARNING * * *
Aizul coils herself and waves her upper body at you.
You fall asleep.
You are no longer unable to travel.
You feel very sick. Aizul hits you but does no damage.
You feel sick. Aizul hits you!!
You die...

Skill      XL: |  1  2  3  4  5  6  7  8  9 10 11 12 13 14 15 16 |
---------------+-------------------------------------------------+-----
Armour         | 1 2 3 4 5 7 8 10 11 12 14 16 17 | 17.0
Fighting       | 3 4 5 6 8 9 11 12 14 15 17 18 | 18.9
Long Blades    | 4 5 7 8 9 11 12 14 | 14.3
Dodging        | 3 |  3.9
Throwing       | |  1.7

Action                     |  1- 3 |  4- 6 |  7- 9 | 10-12 | 13-15 | 16-18 || total
---------------------------+-------+-------+-------+-------+-------+-------++-------
  Melee: Long sword        |    69 |   131 |   161 |       |       |       ||   361
         Dagger            |       |    68 |   208 |   307 |       |       ||   583
         Scimitar          |       |       |    60 |   632 |  1480 |   769 ||  2941
Ability: Lunge             |       |     4 |    16 |    47 |   113 |    33 ||   213
         Whirlwind         |       |       |     9 |    62 |   277 |   199 ||   547
  Evoke: Wand              |       |       |       |     4 |    13 |       ||    17
    Use: Scroll            |       |       |       |    22 |     7 |     2 ||    31
         Potion            |       |       |       |     4 |     3 |     8 ||    15
   Stab: Distracted        |       |       |       |     1 |       |       ||     1
         Invisible         |       |       |       |       |     6 |       ||     6
 Armour: Leather armour    |    23 |       |       |       |       |       ||    23
         Scale mail        |    16 |   101 |   148 |   249 |       |       ||   514
         Ice dragon scales |       |       |       |   113 |   584 |   291 ||   988
         Acid dragon scale |       |       |       |    29 |       |       ||    29
         Skin              |       |       |       |    10 |       |       ||    10
  Dodge: Dodged            |    44 |    59 |   117 |   257 |   325 |   153 ||   955

Levels and vault maps discovered:
D:1:      lightli_arrival_statue_moat, layout_loops_cross
D:2:      layout_basic, kennysheep_cross_room
D:3:      kennysheep_goblin_castle, layout_loops_cross,
          nicolae_uskayaw_dance_hall, minivault_27
D:4:      corexii_shack_village, layout_cave_pools,
          mainiacjoe_overflow_24_doors, zin_angel, minmay_temple_entry_offerings
D:5:      layout_loops_ring, mainiacjoe_overflow_six_doors_small
D:6:      minmay_polygon_palace, layout_basic, nicolae_overflow_squiral,
          hangedman_decor_slide_cut
D:7:      layout_loops_ring, xom_confusion_cloud, eino_tiny_chamber
D:8:      layout_cave_pools, david_lair_generic, enter_bailey_4
D:9:      layout_loops_ring, erik_orc_3, kennysheep_generic_room_9, uniq_erica
D:10:     layout_long_grid, mainiacjoe_overflow_alcove_2, serial_shops, shop,
          nicolae_concentric_dashed_squares_wild, statue_in_the_mist_lemuel,
          grunt_ogre_cave
D:11:     layout_long_grid, grunt_qazlal_clouds, uniq_psyche
D:12:     layout_stronghold, ebering_ghost_gozag, serial_shops,
          nicolae_shop_tiny_statue_garden
D:13:     layout_rooms, guppyfry_shop_earth
D:14:     layout_layer_cave, erik_vaults_2, ashenzari_altar_1,
          grunt_decor_one_mirror, minmay_tree_intersection,
          nicolae_dithmenos_the_darkroom
D:15:     hangedman_depths_entry_civil_slaughter, layout_stronghold,
          columned_hall_lemuel
Temple:   minmay_temple_curvy_branch
Lair:1:   layout_layer_cave
Lair:2:   dreamdust_cave_troll, layout_chaotic_city, minmay_shoals_entry_hut,
          dummy_snake_entry, minivault_11, uniq_amaemon
Lair:3:   layout_chaotic_city, gammafunk_ghost_split, lemuel_fruit_tree,
          serial_bayou_shore_a, lemuel_fruit_fields, lemuel_fruit_fields,
          grunt_megastairs_2
Lair:4:   layout_big_grid, slime_entry_1, gammafunk_ghost_cemetery,
          kennysheep_snail_temple, uniq_snorg
Lair:5:   minmay_lair_end_enchanted_forest, layout_gridlike,
          minmay_shattered_shrine, uniq_sonja
Snake:1:  nicolae_snake_crotalidae_crossing, layout_rooms, basic_altar,
          minmay_shop_grid_forest
Snake:2:  layout_misc_corridors, uniq_aizul
Orc:1:    layout_caves, serial_shops, shop
Orc:2:    st_orc_congregation, layout_caves, serial_shops,
          nicolae_shop_hallway_stairs, shop, gauntlet_entry_generic,
          elf_legates, uniq_rupert

Notes
Turn   | Place    | Note
-------+----------+-------------------------------------------
     0 | D:1      | cforsyth the Coglin Gladiator began the quest for the Orb.
     0 | D:1      | Reached XP level 1. HP: 16/16 MP: 1/1
    96 | D:1      | Reached XP level 2. HP: 18/22 MP: 2/2
   220 | D:1      | Reached skill level 1 in Armour
   337 | D:1      | Reached XP level 3. HP: 28/28 MP: 3/3
   978 | D:2      | Reached XP level 4. HP: 34/34 MP: 4/4
  1002 | D:2      | Reached skill level 3 in Fighting
  1801 | D:3      | Reached skill level 2 in Armour
  2011 | D:3      | Reached skill level 4 in Long Blades
  2058 | D:3      | Reached XP level 5. HP: 40/41 MP: 5/5
  2293 | D:3      | Found a hide-covered altar of Uskayaw.
  2494 | D:3      | Noticed Robin
  2529 | D:3      | Killed Robin
  2738 | D:4      | Found a staircase to the Ecumenical Temple.
  2774 | Temple   | Entered the Ecumenical Temple
  2800 | Temple   | Became a worshipper of the Wu Jian Council
  3018 | D:4      | Reached XP level 6. HP: 45/48 MP: 6/6
  3136 | D:4      | Found a burning altar of Makhleb.
  3260 | D:4      | Found a glowing silver altar of Zin.
  3261 | D:4      | Noticed an angel
  3287 | D:5      | Entered Level 5 of the Dungeon
  3305 | D:5      | Reached skill level 4 in Fighting
  3305 | D:5      | Reached skill level 3 in Armour
  3354 | D:5      | Noticed a sky beast
  3362 | D:5      | Killed a sky beast
  3420 | D:5      | Reached skill level 5 in Long Blades
  3420 | D:5      | Reached XP level 7. HP: 55/55 MP: 7/7
  3430 | D:5      | Reached * piety under Wu Jian
  3620 | D:5      | Found a blossoming altar of Fedhas.
  4076 | D:5      | Reached skill level 5 in Fighting
  4076 | D:5      | Reached skill level 4 in Armour
  4371 | D:6      | Identified the ring of Uskayaw's Hope {rF+ Str+6 SInv
                  | Stlth-}
  4390 | D:6      | Found a sparkling altar of Nemelex Xobeh.
  4393 | D:6      | Found a hazy altar of Hepliaklqana.
  4456 | D:6      | Reached XP level 8. HP: 63/63 MP: 8/8
  4632 | D:6      | Reached skill level 6 in Long Blades
  4752 | D:6      | Reached skill level 6 in Fighting
  4752 | D:6      | Reached skill level 5 in Armour
  4766 | D:6      | Reached ** piety under Wu Jian
  4878 | D:6      | Reached skill level 7 in Long Blades
  4881 | D:6      | Reached XP level 9. HP: 40/71 MP: 9/9
  5029 | D:6      | Reached skill level 7 in Fighting
  5131 | D:6      | Reached skill level 6 in Armour
  5420 | D:6      | You fall into a shaft and drop 1 floor!
  5675 | D:7      | Reached skill level 8 in Long Blades
  5821 | D:7      | Identified the orb "Ofuu" {mayhem, Int+3}
  5840 | D:7      | Found a shimmering altar of Xom.
  5872 | D:6      | Reached skill level 8 in Fighting
  6007 | D:7      | Reached skill level 7 in Armour
  6143 | D:7      | Reached XP level 10. HP: 60/80 MP: 10/10
  6493 | D:8      | Noticed a cyclops
  6507 | D:8      | Killed a cyclops
  6511 | D:8      | Noticed a two-headed ogre
  6515 | D:8      | Killed a two-headed ogre
  6516 | D:8      | Reached skill level 9 in Long Blades
  6531 | D:8      | Noticed a two-headed ogre
  6534 | D:8      | Noticed an elephant
  6545 | D:8      | Reached *** piety under Wu Jian
  6557 | D:8      | Killed a two-headed ogre
  6558 | D:8      | Reached skill level 9 in Fighting
  6558 | D:8      | Reached skill level 8 in Armour
  6742 | D:8      | Found a staircase to the Lair.
  6768 | D:8      | Found a flagged portal.
  6776 | Bailey   | Entered a bailey
  6780 | Bailey   | HP: 8/83 [poisoned by a kobold brigand (curare-tipped
                  | dart)]
  7101 | Bailey   | Noticed an orc knight
  7431 | Bailey   | Killed an orc knight
  7568 | Bailey   | Reached XP level 11. HP: 85/90 MP: 11/11
  7598 | Bailey   | Reached skill level 10 in Long Blades
  7616 | Bailey   | Found an iron altar of Okawaru.
  7676 | D:8      | Reached **** piety under Wu Jian
  7686 | D:8      | Reached skill level 10 in Fighting
  8202 | D:8      | Reached skill level 9 in Armour
  8604 | D:9      | Found a staircase to the Orcish Mines.
  9007 | D:9      | Noticed a centaur warrior
  9013 | D:9      | Killed a centaur warrior
  9257 | D:9      | Reached ***** piety under Wu Jian
  9554 | D:9      | Noticed Erica
  9559 | D:9      | Paralysed by Erica for 5 turns
  9568 | D:9      | Killed Erica
  9770 | D:10     | Entered Level 10 of the Dungeon
  9770 | D:10     | Found Ydameng's Antique Armour Shop.
  9776 | D:10     | Reached skill level 11 in Long Blades
  9877 | D:10     | Bought a pair of glowing boots for 255 gold pieces
  9877 | D:10     | Bought a runed cloak for 255 gold pieces
  9985 | D:10     | Reached skill level 11 in Fighting
 10347 | D:10     | Reached skill level 10 in Armour
 10486 | D:10     | Found a sacrificial altar of Ru.
 10588 | D:10     | Reached XP level 12. HP: 100/100 MP: 12/12
 10677 | D:11     | Noticed a two-headed ogre
 10682 | D:11     | Killed a two-headed ogre
 10736 | D:11     | Found a stormy altar of Qazlal.
 11363 | D:11     | Noticed Psyche
 11366 | D:11     | Killed Psyche
 11798 | D:12     | Found Diovesa's Magic Scroll Shoppe.
 12344 | D:12     | Found a runed translucent gate.
 12344 | D:12     | Found a runed translucent gate.
 12344 | D:12     | Found a runed translucent gate.
 12346 | D:12     | Found an opulent altar of Gozag.
 12347 | D:12     | Noticed a yaktaur captain
 12347 | D:12     | Noticed a boulder beetle
 12347 | D:12     | Noticed snarfax's ghost (journeyman CoGl)
 12348 | D:12     | Found Uxufuod's Assorted Antiques.
 12348 | D:12     | Noticed a tengu warrior
 12738 | Lair:1   | Entered Level 1 of the Lair of Beasts
 12939 | Lair:1   | Reached skill level 12 in Long Blades
 13281 | Lair:1   | Reached skill level 12 in Fighting
 13754 | Lair:2   | Noticed an eight-headed hydra
 13764 | Lair:2   | Killed an eight-headed hydra
 13797 | Lair:2   | Noticed a seven-headed hydra
 13811 | Lair:2   | Killed a seven-headed hydra
 13812 | Lair:2   | Reached skill level 11 in Armour
 14024 | Lair:2   | Noticed Amaemon
 14669 | Lair:1   | Killed Amaemon
 15145 | Lair:2   | Found a staircase to the Snake Pit.
 15161 | Lair:2   | Noticed a seven-headed hydra
 15563 | Lair:2   | Reached XP level 13. HP: 92/109 MP: 13/13
 16069 | Lair:2   | Found a staircase to the Shoals.
 16888 | Lair:3   | Reached skill level 13 in Fighting
 16888 | Lair:3   | Reached skill level 13 in Long Blades
 17002 | Lair:3   | Found a runed translucent gate.
 17003 | Lair:3   | Found a runed translucent gate.
 17003 | Lair:3   | Noticed Meuluz's ghost (journeyman GnWn)
 17005 | Lair:3   | Found a runed translucent gate.
 17563 | Lair:3   | Found the +3 pair of mountain boots {steadfast, rC+}
 18283 | Lair:3   | Reached skill level 12 in Armour
 18694 | Lair:4   | Noticed Snorg
 18700 | Lair:4   | Killed Snorg
 18750 | Lair:4   | Found a staircase to the Slime Pits.
 19423 | Lair:4   | Found a runed translucent gate.
 19424 | Lair:4   | Found a runed translucent gate.
 19424 | Lair:4   | Found a runed translucent gate.
 19425 | Lair:4   | Noticed Sugi's ghost (journeyman MiFi)
 19426 | Lair:4   | Noticed Pijio's ghost (journeyman MDFi)
 19426 | Lair:4   | Noticed Pynkas's ghost (journeyman HONe)
 19494 | Lair:4   | Found a snail-covered altar of Cheibriados.
 19880 | Lair:5   | Entered Level 5 of the Lair of Beasts
 19895 | Lair:5   | Reached skill level 14 in Fighting
 19895 | Lair:5   | Reached skill level 14 in Long Blades
 19900 | Lair:5   | Reached XP level 14. HP: 97/120 MP: 14/14
 20196 | Lair:5   | Reached skill level 13 in Armour
 20324 | Lair:5   | Noticed Sonja
 20333 | Lair:5   | Killed Sonja
 20884 | Lair:5   | Reached ****** piety under Wu Jian
 21096 | Lair:5   | Reached skill level 15 in Fighting
 22627 | Orc:1    | Entered Level 1 of the Orcish Mines
 22746 | Orc:2    | Entered Level 2 of the Orcish Mines
 22747 | Orc:2    | Found Nirizu's General Store.
 22761 | Orc:2    | Found Mumojalaa's Jewellery Emporium.
 22784 | Orc:2    | Noticed Rupert
 22798 | Orc:2    | Killed Rupert
 22834 | Orc:2    | Reached skill level 14 in Armour
 22852 | Orc:2    | Found a gate leading to a gauntlet.
 22863 | Gauntlet | Entered a Gauntlet
 22863 | Gauntlet | Found a transporter.
 22863 | Gauntlet | Found a transporter.
 23065 | Gauntlet | Found a transporter.
 23085 | Gauntlet | Found a transporter.
 23096 | Gauntlet | Found a transporter.
 23097 | Gauntlet | Found a transporter.
 23106 | Gauntlet | Found a transporter.
 23125 | Gauntlet | Found a transporter.
 23142 | Gauntlet | Found a transporter.
 23142 | Gauntlet | Found a transporter.
 23142 | Gauntlet | Found the ring of Shadows {Umbra +Inv Stlth+}
 23146 | Gauntlet | Found a runed translucent door.
 23146 | Gauntlet | Found a runed translucent door.
 23150 | Gauntlet | Found a transporter.
 23153 | Gauntlet | Found a transporter.
 23655 | Gauntlet | Identified the +5 cloak of Beogh's Inspiration {rElec
                  | Regen+ Slay-4 SInv}
 23682 | Gauntlet | Identified the +2 dire flail "Vyami" {holy, rCorr Dex+4}
 23682 | Gauntlet | Identified the +2 ring mail "Omon" {Rampage Will+ Regen+
                  | Str-4}
 23949 | Orc:2    | Noticed an orc warlord
 24067 | Orc:1    | Killed an orc warlord
 24068 | Orc:1    | Reached XP level 15. HP: 90/130 MP: 15/15
 24172 | Orc:2    | Reached skill level 16 in Fighting
 24303 | Orc:2    | Found a staircase to the Elven Halls.
 24379 | Orc:2    | Bought a potion of haste for 130 gold pieces
 24706 | Orc:2    | Bought a scroll of teleportation for 39 gold pieces
 24873 | Orc:1    | Found Mydiucwi's Jewellery Shoppe.
 25043 | Orc:2    | Noticed an orc warlord
 25327 | Orc:2    | Killed an orc warlord
 25328 | Orc:2    | Reached skill level 15 in Armour
 25634 | Orc:2    | Found Innuneut's General Store.
 25635 | Orc:2    | Found Ceraick's Jewellery Boutique.
 25637 | Orc:2    | Found Duczudan's Antique Armour Boutique.
 25637 | Orc:2    | Found Dierph's Antique Weapon Shop.
 25653 | Orc:2    | Bought a pair of glowing gloves for 240 gold pieces
 25737 | Orc:2    | Bought the ring "Qaocusch" {rPois rC- rCorr SInv Stlth+}
                  | for 414 gold pieces
 26608 | D:13     | Identified the +0 leather armour "Ohasch" {Dex+2}
 26751 | D:13     | Found Gibb's Pet Rocks.
 26927 | D:14     | Found a shadowy altar of Dithmenos.
 27344 | D:14     | Reached skill level 17 in Fighting
 27518 | D:14     | Found a broken altar of Ashenzari.
 28667 | D:14     | Found a gate to the Vaults.
 28911 | D:15     | Entered Level 15 of the Dungeon
 29504 | D:15     | Reached skill level 16 in Armour
 29504 | D:15     | Reached XP level 16. HP: 142/142 MP: 16/16
 29996 | D:15     | Found a staircase to the Depths.
 30945 | Lair:3   | Killed Meuluz's ghost
 31503 | Lair:4   | Killed Sugi's ghost
 31635 | Lair:4   | Killed Pijio's ghost
 31636 | Lair:4   | Reached skill level 18 in Fighting
 31862 | Lair:4   | Found a staircase to the Slime Pits.
 31959 | Lair:4   | Found a snail-covered altar of Cheibriados.
 32432 | Lair:4   | Found a snail-covered altar of Cheibriados.
 32528 | Lair:4   | Killed Pynkas's ghost
 33184 | D:12     | Killed snarfax's ghost
 33579 | Snake:1  | Entered Level 1 of the Snake Pit
 33579 | Snake:1  | Found Jounouppu's Magic Scroll Shop.
 33579 | Snake:1  | Found Qyelout's General Store.
 33625 | Snake:1  | Found Eqoqor's Distillery.
 33626 | Snake:1  | Found Suciezxe's Weapon Shop.
 33641 | Snake:1  | Bought a potion of heal wounds for 80 gold pieces
 33641 | Snake:1  | Bought a potion of curing for 48 gold pieces
 33641 | Snake:1  | Bought a potion of heal wounds for 80 gold pieces
 34395 | Snake:1  | Found a hide-covered altar of Uskayaw.
 35007 | Snake:2  | Reached skill level 17 in Armour
 35343 | Snake:2  | Reached skill level 3 in Dodging
 35964 | Snake:2  | Identified the serpent talisman "Orifisk" {rC+ Str+3}
 35964 | Snake:2  | Noticed Aizul
 36216 | Snake:2  | HP: 8/145 [Aizul/poison arrow (20)]
 36230 | Snake:1  | HP: 3/145 [Aizul/poison arrow (17)]
 36239 | Snake:1  | HP: 13/145 [poisoned by Aizul (poison arrow)]
 36239 | Snake:1  | Demolished by Aizul

Vanquished Creatures
  Rupert (Orc:2)
  The ghost of Sugi the Slayer, a journeyman MiFi of Xom (Lair:4)
  2 orc warlords
  The ghost of Meuluz the Fighter, a journeyman GnWn of Sif Muna (Lair:3)
  The ghost of Pynkas the Fighter, a journeyman HONe of Kikubaaqudgha (Lair:4)
  The ghost of Pijio the Cleaver, a journeyman MDFi of Cheibriados (Lair:4)
  A minotaur (Gauntlet)
  Snorg (Lair:4)
  An ettin (D:15)
  11 hydras
  A yaktaur captain (D:12)
  7 vault guards
  4 centaur warriors
  The ghost of snarfax the Severer, a journeyman CoGl of Elyvilon (D:12)
  7 anacondas
  4 boulder beetles
  Erica (D:9)
  3 catoblepae
  2 two-headed ogres
  2 death knights (D:14)
  3 tengu warriors
  6 naga warriors (Snake:2)
  2 death yaks (Lair:5)
  A death scarab (Gauntlet)
  5 orc high priests (Orc:2)
  2 naga sharpshooters (Snake:2)
  A hell knight (D:15)
  A shock serpent (Snake:1)
  Sonja (Lair:5)
  Amaemon (Lair:1)
  7 mana vipers
  A deep troll (Lair:2)
  A spectral hydra (Gauntlet)
  A deep elf archer (Orc:2)
  2 naga ritualists
  A deep elf pyromancer (D:13)
  13 ugly things
  5 orc knights
  4 manticores
  5 orc sorcerers
  A necromancer (D:15)
  3 cyclopes
  2 salamanders
  11 elephants
  5 kobold blastminers
  16 black mambas
  2 guardian serpents
  2 molten gargoyles (Gauntlet)
  6 torpor snails
  An orange demon (Lair:2)
  5 naga magi
  4 gargoyles
  An unseen horror (D:11)
  5 rime drakes
  12 cane toads
  2 kobold demonologists
  A yaktaur (D:15)
  6 komodo dragons
  2 efreet (D:14)
  Psyche (D:11)
  5 polar bears
  5 trolls
  6 hornets
  2 dream sheep (Lair:5)
  A snapping turtle (Lair:2)
  7 blink frogs
  3 slime creatures (D:12)
  11 spriggans (Lair:5)
  A shadow (D:11)
  A vampire (D:14)
  5 wyverns
  30 yaks
  A hog (shapeshifter) (D:15)
  A water elemental (Lair:2)
  5 basilisks
  3 steam dragons
  A basilisk (shapeshifter) (D:14)
  7 wargs
  4 vampire mosquitoes (D:14)
  12 nagas
  15 water moccasins
  4 acid dragons
  4 ice beasts
  27 orc warriors
  3 sky beasts
  6 black bears
  6 ogres
  16 wolves
  8 boggarts
  14 centaurs
  9 kobold brigands
  A gnoll sergeant (D:9)
  11 bullfrogs
  5 scorpions
  14 wights
  9 killer bees
  3 electric eels (Lair:3)
  3 howler monkeys
  3 bombardier beetles (D:6)
  5 hounds
  4 jellies
  15 orc priests
  4 sleepcaps
  A gnoll bouda (D:9)
  5 iguanas
  24 orc wizards
  A hell rat (Lair:2)
  Robin (D:3)
  12 gnolls
  6 adders
  2 white imps
  An ufetubus (D:6)
  3 dart slugs
  74 orcs
  5 bats
  8 endoplasms
  3 giant cockroaches
  28 goblins
  10 hobgoblins
  5 jackals
  6 quokkas
  4 ball pythons
  4 frilled lizards
  20 kobolds
  6 rats
  2 butterflies (Lair:3)
735 creatures vanquished.

Vanquished Creatures (collateral kills)
  A hydra (Lair:2)
  A two-headed ogre (D:8)
  A cyclops (D:8)
  2 orcs (D:8)
5 creatures vanquished.

Vanquished Creatures (others)
  A sky beast (D:7)
  A bullfrog (D:7)
  A killer bee (D:7)
  An orc wizard (D:8)
  2 orcs (D:7)
6 creatures vanquished.

Grand Total: 746 creatures vanquished

Table legend: (Time is in decaauts)
 A = Elapsed time spent in this place.
 B = Non-inter-level travel time spent in this place.
 C = Inter-level travel time spent in this place.
 D = Time resting spent in this place.
 E = Time spent auto-exploring this place.
 F = Levels seen in this place.
 G = Mean time per level.
                   A        B        C        D        E       F      G
               +--------+--------+--------+--------+--------+-----+--------+
         Total |  36224 |  34348 |   1876 |   7447 |  21073 |  27 | 1341.6 |
       Dungeon |  17030 |  15813 |   1217 |   1627 |  11722 |  15 | 1135.3 |
        Temple |     51 |      1 |     50 |      0 |      0 |   1 |   51.0 |
          Lair |  12721 |  12213 |    508 |   3839 |   6658 |   5 | 2544.2 |
     Snake Pit |   2380 |   2375 |      5 |    802 |   1153 |   2 | 1190.0 |
  Orcish Mines |   2208 |   2114 |     94 |    401 |   1065 |   2 | 1104.0 |
        Bailey |    877 |    877 |      0 |    621 |     78 |   1 |  877.0 |
      Gauntlet |    954 |    954 |      0 |    155 |    396 |   1 |  954.0 |
               +--------+--------+--------+--------+--------+-----+--------+

Top non-repeatable levels by time:
  Lair:4: 3674 daAuts
  Lair:2: 3028 daAuts
  Lair:3: 2257 daAuts
    D:14: 1999 daAuts
    D:12: 1954 daAuts
  Lair:1: 1883 daAuts
  Lair:5: 1876 daAuts
 Snake:1: 1661 daAuts
    D:15: 1411 daAuts
     D:9: 1357 daAuts
   Orc:2: 1297 daAuts
     D:8: 1253 daAuts
     D:6: 1175 daAuts
     D:3: 1107 daAuts
    D:10: 1096 daAuts

Table legend:
 A = Non-vault XP
 B = Vault XP
 C = Vault XP percentage of total XP
 D = Non-vault monster count
 E = Vault monster count
 F = Vault count percentage of total count
                 A         B        C        D         E       F
            +---------+---------+-------+---------+---------+-------
      Total |   98659 |   77443 |  44.0 |     440 |     304 |  40.9
            +---------+---------+-------+---------+---------+-------
        D:1 |      53 |       0 |   0.0 |      19 |       0 |   0.0
        D:2 |      60 |       0 |   0.0 |      17 |       0 |   0.0
        D:3 |      54 |      73 |  57.5 |      16 |      21 |  56.8
        D:4 |      74 |      35 |  32.1 |       7 |      11 |  61.1
        D:5 |     713 |       0 |   0.0 |      21 |       0 |   0.0
        D:6 |     680 |    1621 |  70.4 |      15 |      23 |  60.5
        D:7 |    1113 |     333 |  23.0 |      15 |       9 |  37.5
        D:8 |    4042 |    1032 |  20.3 |      32 |       9 |  22.0
        D:9 |    2681 |    1723 |  39.1 |      38 |      14 |  26.9
       D:10 |    2745 |     123 |   4.3 |      20 |       1 |   4.8
       D:11 |    2633 |     333 |  11.2 |       7 |       1 |  12.5
       D:12 |    1901 |    4180 |  68.7 |      11 |       6 |  35.3
       D:13 |    3145 |    1908 |  37.8 |       6 |       3 |  33.3
       D:14 |    8518 |    4318 |  33.6 |      22 |       5 |  18.5
       D:15 |   11616 |    3877 |  25.0 |      31 |       5 |  13.9
     Lair:1 |    3200 |     773 |  19.5 |      15 |       1 |   6.2
     Lair:2 |    6073 |    2074 |  25.5 |      18 |       6 |  25.0
     Lair:3 |    5353 |    4355 |  44.9 |      16 |      12 |  42.9
     Lair:4 |    7583 |    6603 |  46.5 |      19 |       9 |  32.1
     Lair:5 |    6319 |   14494 |  69.6 |      17 |      51 |  75.0
    Snake:1 |    8852 |    3854 |  30.3 |      18 |       8 |  30.8
    Snake:2 |   16859 |       0 |   0.0 |      30 |       0 |   0.0
      Orc:1 |    2538 |    1144 |  31.1 |      15 |       1 |   6.2
      Orc:2 |    1854 |   16852 |  90.1 |      15 |      82 |  84.5
     Bailey |       0 |    1238 | 100.0 |       0 |      15 | 100.0
   Gauntlet |       0 |    6500 | 100.0 |       0 |      11 | 100.0
            +---------+---------+-------+---------+---------+-------
